 Dungeon Crawl Stone Soup version 0.19-a0-1107-gc676ff4 (webtiles) character file.

79 JustSomeDude the Skirmisher (level 4, -1/37 HPs)
             Began as a Demonspawn Fighter on Aug 9, 2016.
             Slain by a gnoll
             ... wielding a +0 halberd
              (6 damage)
             ... on level 2 of the Dungeon.
             The game lasted 00:02:21 (1009 turns).

JustSomeDude the Skirmisher (Demonspawn Fighter)    Turns: 1009, Time: 00:02:22

Health: -1/37      AC:  8    Str: 22    XL:     4   Next: 16%
Magic:  4/4        EV:  7    Int: 10    God:
Gold:   85         SH:  9    Dex: 11    Spells: 0 memorised, 3 levels left

rFire  . . .     SeeInvis .     a - +0 war axe
rCold  . . .     Gourm    .     b - +0 scale mail
rNeg   . . .     Faith    .     c - +0 shield
rPois  .         Spirit   .     (no helmet)
rElec  .         Dismiss  .     (no cloak)
rCorr  .         Reflect  .     (no gloves)
SustAt .         Harm     .     (no boots)
MR     .....                    (no amulet)
Stlth  +.........               (no ring)
                                (no ring)

@: mighty
A: rough black scales 1, nightstalker 1
a: no special abilities


You were on level 2 of the Dungeon.
You were not hungry.

You visited 1 branch of the dungeon, and saw 2 of its levels.

You collected 85 gold pieces.

Inventory:

Hand Weapons
 a - a +0 war axe (weapon)
Armour
 b - a +0 scale mail (worn)
 c - a +0 shield (worn)
Jewellery
 k - an uncursed ring of protection from fire {unknown}
 n - an uncursed ring of stealth {unknown}
Wands
 w - a wand of acid (7/15)
Scrolls
 g - a scroll of fog
 i - a scroll of magic mapping {unknown}
 j - a scroll of teleportation
 l - a scroll of identify {unknown}
 m - a scroll of noise
 q - a scroll of enchant weapon {unknown}
 t - a scroll of remove curse {unknown}
Potions
 e - a potion of flight {unknown}
 r - a potion of resistance {unknown}
 s - a potion of berserk rage {unknown}
 v - a potion of ambrosia {unknown}
Comestibles
 f - 2 bread rations
 h - a slice of pizza
 p - 3 chunks of flesh
 u - a meat ration


   Skills:
 + Level 3.7 Fighting
 + Level 2.6 Axes
 + Level 3.1 Armour
 + Level 0.5 Dodging
 + Level 3.0 Shields


You had 3 spell levels left.
You didn't know any spells.

Dungeon Overview and Level Annotations

Branches:
Dungeon (2/15)

Altars:


Innate Abilities, Weirdness & Mutations

You are partially covered in rough black scales. (AC +2, Dex -1)
You are slightly more attuned to the shadows.


Message History

You slash the gnoll!
You kill the gnoll!
You have reached level 4!
You feel clever.
Your demonic ancestry asserts itself...
You slip into the darkness of the dungeon.
You slash the gnoll! The gnoll barely misses you.
The gnoll hits you with a club.
* * * LOW HITPOINT WARNING * * *
The gnoll hits you with a club.
* * * LOW HITPOINT WARNING * * *
You block the gnoll's attack.
You completely miss the gnoll.
The gnoll is almost dead.
The gnoll hits you with a club.
* * * LOW HITPOINT WARNING * * *
You block the gnoll's attack.
You slash the gnoll!
You kill the gnoll!
The gnoll hits you from afar with a halberd.
You die...

#)# ...# #.# .....#
#.### ....# #...#
....#### #.#.# #.#.....
....# #####....####
##.########.ยง.g........
#..........###))..#####
#.########## #.@......#
#.# ######.#<###.# #.#
#.....## .. ##.#
#.####.# ..# ...# #.#
#.# .# #.##### #.# .# #
#.#..<# #.# # #.....#
#.# ###...# #.#


You could see a gnoll.

Vanquished Creatures
  Robin (D:2)
  2 gnolls (D:2)
  An adder (D:2)
  A worm (D:2)
  A giant cockroach (D:2)
  10 goblins
  5 hobgoblins
  2 jackals (D:2)
  4 kobolds
  2 quokkas (D:2)
  A bat (D:2)
  A giant newt (D:2)
  3 rats
34 creatures vanquished.

Notes
Turn   | Place    | Note
-------+----------+-------------------------------------------
     0 | D:1      | JustSomeDude the Demonspawn Fighter began the quest for the Orb.
     0 | D:1      | Reached XP level 1. HP: 18/18 MP: 1/1
   337 | D:1      | Gained mutation: You are partially covered in rough black scales. (AC +2, Dex -1) [demonic ancestry]
   337 | D:1      | Reached XP level 2. HP: 21/24 MP: 2/2
   681 | D:2      | HP: 1/24 [worm (4)]
   688 | D:2      | Reached XP level 3. HP: 13/29 MP: 3/3
   769 | D:2      | Noticed Robin
   778 | D:2      | Killed Robin
  1007 | D:2      | Gained mutation: You are slightly more attuned to the shadows. [demonic ancestry]
  1007 | D:2      | Reached XP level 4. HP: 15/37 MP: 4/4
  1009 | D:2      | Slain by a gnoll

Vault maps used:
D:1:      lightli_arrival_flooded_house
D:2:      hangedman_decor_peaks_small, uniq_jessica, uniq_robin

Skill      XL: |  1  2  3 |
---------------+----------+-----
Armour         | 3 |  3.1
Axes           | 2 |  2.6
Shields        | 3 |  3.0
Fighting       | |  3.7
Dodging        | |  0.5

Action                   |  1- 3 |  4- 6 || total
-------------------------+-------+-------++-------
Melee: War axe           |   112 |     2 ||   114
  Use: Potion            |     5 |       ||     5
       Scroll            |     3 |       ||     3
  Eat: Chunk             |     1 |       ||     1
Armor: Scale mail        |    63 |       ||    63
Dodge: Dodged            |    28 |     1 ||    29
Block: Shield            |    72 |     2 ||    74
